 Dungeon Crawl Stone Soup version 0.24-a0-243-g8f5f5cd (webtiles) character file.

Game seed: 9790047560268881651

58 sagitran the Chopper (level 4, -1/40 HPs)
             Began as a Hill Orc Monk on Apr 9, 2019.
             Slain by Natasha (3 damage)
             ... on level 2 of the Dungeon.
             The game lasted 00:03:06 (1139 turns).

sagitran the Chopper (Hill Orc Monk)                Turns: 1139, Time: 00:03:07

Health: -1/40      AC:  5    Str: 18    XL:     4   Next: 1%
Magic:  4/4        EV: 12    Int: 10    God:
Gold:   130        SH:  0    Dex: 14    Spells: 3/3 levels left

rFire    . . .     SeeInvis .   a - +0 hand axe
rCold    . . .     Gourm    .   (no shield)
rNeg     . . .     Faith    .   e - +0 ring mail
rPois    .         Spirit   .   (no helmet)
rElec    .         Reflect  .   (no cloak)
rCorr    .         Harm     .   (no gloves)
MR       .....                  (no boots)
Stlth    +.........             k - amulet of magic regeneration
HPRegen  0.13/turn              o - ring of wizardry
MPRegen  0.34/turn              (no ring)

@: mighty, flying
A: no striking features
a: no special abilities


You were on level 2 of the Dungeon.
You were not hungry.

You visited 1 branch of the dungeon, and saw 2 of its levels.

You collected 130 gold pieces.

Inventory:

Hand Weapons
 a - a +0 hand axe (weapon)
Armour
 b - a +0 robe
 e - a +0 ring mail (worn)
Jewellery
 k - an amulet of magic regeneration (around neck)
 o - a ring of wizardry (left hand)
Scrolls
 d - a scroll of amnesia
 f - a scroll of identify {unknown}
 g - a scroll of fog {unknown}
 j - a scroll of teleportation {unknown}
 l - a scroll of enchant weapon {unknown}
 m - a scroll of remove curse {unknown}
Potions
 p - a potion of lignification {unknown}
 q - a potion of experience {unknown}
 r - a potion of brilliance {unknown}
Comestibles
 c - 5 rations


   Skills:
 + Level 4.2 Fighting
 + Level 5.0 Axes
 + Level 0.4 Armour
 + Level 2.8 Dodging
 + Level 1.8 Stealth


You had 3 spell levels left.
You didn't know any spells.
Your spell library was empty.

Dungeon Overview and Level Annotations

Branches:
Dungeon (2/15)

Altars:
Ashenzari
Gozag

Annotations:
D:2 Natasha


Message History

You closely miss the crimson imp. Natasha claws you.
* * * LOW HITPOINT WARNING * * *
The crimson imp barely misses you.
You hit Natasha.
Natasha is severely wounded.
You hit the crimson imp but do no damage.
Natasha claws you!
* * * LOW HITPOINT WARNING * * *
The crimson imp hits you.
* * * LOW HITPOINT WARNING * * *
It was a potion of flight.
You feel very buoyant.
You fly up into the air.
Natasha closely misses you.
The crimson imp blinks!
It was a potion of might.
You feel very mighty all of a sudden. Natasha barely misses you.
You hit Natasha.
Natasha is almost dead.
Natasha claws you.
You die...

##.####.####.......
###..##...####..##...
#...............###..
###..##.##.#..(......
##......##.###.......
##.......##.##........
#.........#).....>....
#.....................
#....@.....##.........
#.5.h.....## .........
#.........# .........
#....)....# .....
#.........# .....
#.........# ....
#.........#
#.........#


You could see Natasha and a crimson imp.

Vanquished Creatures
  Jessica (D:2)
  An adder (D:2)
  A worm (D:2)
  A ball python (D:2)
  2 giant cockroaches (D:1)
  3 goblins
  2 hobgoblins
  3 kobolds
  3 bats (D:2)
  A frilled lizard (D:1)
  3 rats
21 creatures vanquished.

Notes
Turn   | Place    | Note
-------+----------+-------------------------------------------
     0 | D:1      | sagitran the Hill Orc Monk began the quest for the Orb.
     0 | D:1      | Reached XP level 1. HP: 19/19 MP: 1/1
   265 | D:1      | Reached XP level 2. HP: 24/27 MP: 2/2
   871 | D:2      | Noticed Jessica
   886 | D:2      | Killed Jessica
   886 | D:2      | Reached XP level 3. HP: 21/33 MP: 3/3
   966 | D:2      | Found a shattered altar of Ashenzari.
   974 | D:2      | Found an opulent altar of Gozag.
  1003 | D:2      | Reached skill level 5 in Axes
  1111 | D:2      | Reached XP level 4. HP: 40/40 MP: 4/4
  1119 | D:2      | Noticed Natasha
  1136 | D:2      | HP: 2/40 [crimson imp[Natasha] (2)]
  1139 | D:2      | Slain by Natasha

Levels and vault maps discovered:
D:1:      minmay_arrival_stone_box, layout_basic
D:2:      layout_rooms, nicolae_overflow_hidden_temple, uniq_natasha,
          uniq_jessica

Skill      XL: |  1  2  3 |
---------------+----------+-----
Fighting       | 4 |  4.2
Axes           | 5 |  5.0
Armour         | |  0.4
Dodging        | |  2.8
Stealth        | |  1.8

Action                   |  1- 3 |  4- 6 || total
-------------------------+-------+-------++-------
Melee: Hand axe          |    71 |    15 ||    86
  Use: Scroll            |     1 |       ||     1
       Potion            |       |     2 ||     2
  Eat: Chunk             |     1 |       ||     1
Armor: Ring mail         |    26 |     4 ||    30
Dodge: Dodged            |    47 |    10 ||    57

Table legend:
 A = Non-vault XP
 B = Vault XP
 C = Vault XP percentage of total XP
 D = Non-vault monster count
 E = Vault monster count
 F = Vault count percentage of total count
                 A         B        C        D         E       F
            +---------+---------+-------+---------+---------+-------
      Total |      46 |      37 |  44.6 |      20 |       1 |   4.8
            +---------+---------+-------+---------+---------+-------
        D:1 |      15 |       0 |   0.0 |       9 |       0 |   0.0
        D:2 |      31 |      37 |  54.4 |      11 |       1 |   8.3
            +---------+---------+-------+---------+---------+-------
